 Dungeon Crawl Stone Soup version 0.25-a0-876-gadf69d5 (webtiles) character file.

Game seed: 17220592652384404224, levelgen mode: deterministic

6294 robertstho the Archer (level 10, -18/86 HPs)
             Began as a Centaur Hunter on May 1, 2020.
             Was a Priest of Okawaru.
             Killed from afar by an orc warrior (27 damage)
             ... with a bolt of acid
             ... on level 8 of the Dungeon.
             The game lasted 00:20:17 (10953 turns).

robertstho the Archer (Centaur Hunter)             Turns: 10953, Time: 00:20:17

Health: -18/86     AC:  3    Str: 15    XL:     10   Next: 63%
Magic:  11/13      EV: 11    Int: 10    God:    Okawaru [***...]
Gold:   478        SH:  0    Dex: 13    Spells: 9/9 levels left

rFire    . . .     SeeInvis .   a - +1 shortbow
rCold    . . .     Gourm    .   (shield currently unavailable)
rNeg     . . .     Faith    .   l - +0 scale mail (curse)
rPois    .         Spirit   .   q - +0 helmet
rElec    .         Reflect  .   (no cloak)
rCorr    .         Harm     .   h - +0 pair of gloves
MR       .....                  (no barding)
Stlth    +.........             j - amulet of rage
HPRegen  0.24/turn              (no ring)
MPRegen  0.13/turn              (no ring)

@: heroism, corroded, very quick
A: large, hooves 3, deformed body, speed 2, tough skin 3
a: Heroism, Renounce Religion, Evoke Berserk Rage


You were on level 8 of the Dungeon.
You worshipped Okawaru.
Okawaru was most pleased with you.
You were not hungry.

You visited 2 branches of the dungeon, and saw 9 of its levels.

You collected 478 gold pieces.

Inventory:

Hand Weapons
 a - a +1 shortbow (weapon)
 g - a +4 flail of protection
Missiles
 d - 11 arrows (quivered)
Armour
 h - a +0 pair of gloves (worn)
 l - a cursed +0 scale mail (worn)
 m - a +0 chain mail
 q - a +0 helmet (worn)
 B - a +0 plate armour
Jewellery
 j - an amulet of rage (around neck)
 F - a +2 ring of dexterity {unknown}
Wands
 v - a wand of iceblast (1)
 y - a wand of acid (15)
 z - a wand of enslavement (9)
Scrolls
 e - 9 scrolls of teleportation
 i - 3 scrolls of remove curse
 n - a scroll of immolation {unknown}
 p - 2 scrolls of magic mapping {unknown}
 s - a scroll of fog {unknown}
 t - a scroll of enchant weapon
 u - 2 scrolls of amnesia {unknown}
 w - 5 scrolls of identify
 D - a scroll of noise {unknown}
Potions
 b - a potion of mutation {unknown}
 c - a potion of lignification
 k - a potion of cancellation
 r - 2 potions of might
 H - a potion of flight {unknown}
Comestibles
 f - 14 rations


   Skills:
 * Level 7.5(12.5) Fighting
   Level 3.3(8.3) Short Blades
 + Level 4.8(9.8) Maces & Flails
 * Level 14.0(19.0) Bows
 + Level 4.0(9.0) Armour
 + Level 2.3(7.3) Dodging
 - Level 0.6(5.6) Stealth
 * Level 4.0 Invocations
 + Level 0.5 Evocations


You had 9 spell levels left.
You didn't know any spells.
Your spell library contained the following spells:

 Spells                   Type           Power        Failure   Level  Hunger
 Sandblast                Erth           #.....       75%         1    ##.....
 Summon Small Mammal      Summ           #...         75%         1    ##.....
 Call Imp                 Summ           #.......     87%         2    ###....
 Passwall                 Tmut/Erth      #.......     87%         2    ###....
 Call Canine Familiar     Summ           #.......     98%         3    ####...
 Stone Arrow              Conj/Erth      #.....       98%         3    ####...
 Summon Guardian Golem    Hex/Summ       #.......     98%         3    ####...
 Petrify                  Tmut/Erth      #.......     100%        4    #####..
 Summon Ice Beast         Ice/Summ       #.......     100%        4    #####..
 Summon Lightning Spire   Summ/Air       #.......     100%        4    #####..
 Lee's Rapid Deconstruct  Erth           #.........   100%        5    ######.


Dungeon Overview and Level Annotations

Branches:
Dungeon (8/15)             Temple (1/1) D:5
   Lair: D:8-11

Altars:
Ashenzari
Cheibriados
Dithmenos
Elyvilon
Fedhas
Gozag
Hepliaklqana
Kikubaaqudgha
Makhleb
Nemelex Xobeh
Okawaru
Qazlal
Ru
Sif Muna
Trog
Uskayaw
Vehumet
Wu Jian
Xom
Yredelemnul
Zin
The Shining One


Innate Abilities, Weirdness & Mutations

You have hooves in place of feet.
Armour fits poorly on your strangely shaped body.
You cover ground very quickly.
You have extremely tough skin. (AC +3)


Message History

You shoot an arrow.
The arrow barely misses the orc warrior.
The orc shouts!
The arrow hits the orc!
You kill the orc!
Okawaru accepts your kill.
You hear a howl!
You gain the combat prowess of a mighty hero.
The orc warrior zaps a wand.
The bolt of acid hits you!!
* * * LOW HITPOINT WARNING * * *
The acid corrodes you!
You are splashed with acid!
* * * LOW HITPOINT WARNING * * *
Firing (i - inventory)
d - 12 arrows (quivered)
Press: ? - help, Shift-Dir - straight line, f/p - orc warrior
Aim: an orc warrior, wielding a +0 hand axe, wearing a +0 chain mail and carrying a wand of acid (2) (lightly wounded)
You shoot an arrow.
The arrow hits the orc warrior but does no damage.
The orc warrior is lightly wounded.
The orc warrior zaps a wand.
The bolt of acid hits you!!
You die...

######'''(#############...#≈≈P...
#...( ..#...#'###≈≈.... #....
..#.#...#.≈≈≈.... ('...o
..#...#.#.≈≈≈....
##############'#####.#.≈≈≈....
.#.......#...).#.≈≈≈..P.
(........#.....#.≈≈≈....
(o.......#''##.#.≈≈≈....
#()o).@.....#.#.≈≈≈....
########....#.#.≈≈≈..(.
#....#'###≈≈....
############...#≈≈....
...........#...#≈≈....
≈≈≈≈≈≈≈≈≈hh#####≈≈....
≈≈≈≈≈≈≈≈≈≈≈≈≈≈≈≈≈≈....
≈≈≈≈≈≈≈≈≈≈≈≈≈≈≈≈≈≈o...
......hP?F............


You could see an orc warrior and an orc.

Vanquished Creatures
  Pikel (D:7)
  An orc knight (D:8)
  2 hippogriffs
  Prince Ribbit (D:8)
  Sigmund (D:3)
  Edmund (D:3)
  10 wargs (D:8)
  7 orc warriors
  2 slaves (D:7)
  2 ice beasts
  A sky beast (D:8)
  3 phantoms
  4 ogres
  2 centaurs (D:5)
  4 big kobolds
  3 bullfrogs (D:6)
  A scorpion (D:6)
  2 howler monkeys (D:7)
  3 crimson imps
  2 bullfrog zombies
  2 orc priests
  2 hounds
  A bullfrog skeleton (D:6)
  A gnoll shaman (D:6)
  6 orc wizards
  Terence (D:2)
  2 iguanas
  4 worker ants
  2 hound skeletons
  A worker ant zombie (D:7)
  Robin (D:3)
  8 gnolls
  14 adders
  2 shadow imps (D:5)
  2 oozes
  An adder zombie (D:6)
  3 worms
  3 dart slugs
  2 leopard geckos
  34 orcs
  6 giant cockroaches
  17 goblins
  13 hobgoblins
  8 jackals
  A quokka (D:5)
  7 bats
  9 frilled lizards
  50 kobolds
  A quokka zombie (D:8)
  8 rats
265 creatures vanquished.

Vanquished Creatures (others)
  An orc (D:8)
  2 plants (D:8)
3 creatures vanquished.

Grand Total: 268 creatures vanquished

Notes
Turn   | Place    | Note
-------+----------+-------------------------------------------
     0 | D:1      | robertstho the Centaur Hunter began the quest for the Orb.
     0 | D:1      | Reached XP level 1. HP: 17/17 MP: 1/1
   109 | D:1      | Reached XP level 2. HP: 20/24 MP: 2/2
   249 | D:1      | Reached skill level 6 in Bows
   787 | D:2      | Reached XP level 3. HP: 25/29 MP: 3/3
   962 | D:2      | Reached skill level 7 in Bows
  1080 | D:2      | Reached XP level 4. HP: 36/36 MP: 4/4
  1081 | D:2      | Noticed Terence
  1093 | D:2      | Killed Terence
  1679 | D:3      | Reached skill level 8 in Bows
  1679 | D:3      | Reached XP level 5. HP: 38/42 MP: 5/5
  1850 | D:3      | Noticed Sigmund
  1900 | D:3      | Killed Sigmund
  1900 | D:3      | Reached skill level 9 in Bows
  1900 | D:3      | Reached XP level 6. HP: 51/51 MP: 6/6
  2005 | D:3      | Reached skill level 1 in Armour
  2303 | D:3      | Reached skill level 1 in Short Blades
  2513 | D:3      | HP: 3/76 [gnoll/+0 spear (6)]
  2781 | D:3      | Reached XP level 7. HP: 51/57 MP: 7/7
  3452 | D:4      | Noticed Robin
  3452 | D:4      | Noticed Edmund
  3495 | D:3      | Killed Robin
  3747 | D:3      | Killed Edmund
  4474 | D:4      | Reached XP level 8. HP: 66/66 MP: 8/8
  4527 | D:4      | Reached skill level 1 in Maces & Flails
  4737 | D:5      | Entered Level 5 of the Dungeon
  5462 | D:5      | Reached skill level 10 in Bows
  5653 | D:5      | Found a staircase to the Ecumenical Temple.
  6063 | Temple   | Entered the Ecumenical Temple
  6115 | Temple   | Became a worshipper of Warmaster Okawaru
  6237 | D:6      | Reached skill level 5 in Fighting
  6554 | D:6      | Reached skill level 1 in Invocations
  6581 | D:6      | Reached XP level 9. HP: 13/74 MP: 9/9
  6586 | D:6      | Reached * piety under Okawaru
  7291 | D:7      | Noticed Pikel
  7731 | D:7      | Killed Pikel
  7731 | D:7      | Reached skill level 11 in Bows
  7958 | D:7      | Reached ** piety under Okawaru
  8447 | D:8      | Reached skill level 12 in Bows
  8553 | D:8      | Noticed Prince Ribbit
  9002 | D:8      | Found a stormy altar of Qazlal.
  9002 | D:8      | Found a shadowy altar of Dithmenos.
  9002 | D:8      | Found a bloodstained altar of Trog.
  9007 | D:8      | Found a shimmering altar of Xom.
  9007 | D:8      | Found an ancient bone altar of Kikubaaqudgha.
  9007 | D:8      | Found a hide-covered altar of Uskayaw.
  9044 | D:8      | Reached XP level 10. HP: 37/83 MP: 10/12
  9095 | D:8      | Killed Prince Ribbit
  9153 | D:8      | Reached *** piety under Okawaru
  9166 | D:8      | HP: 3/84 [warg (2)]
  9169 | D:8      | Reached skill level 13 in Bows
  9211 | D:8      | Received a gift from Okawaru
  9541 | D:8      | Noticed an orc knight
  9567 | D:8      | Killed an orc knight
  9786 | D:8      | Received a gift from Okawaru
 10571 | D:8      | Noticed an orc knight
 10581 | D:8      | HP: 2/86 [orc/+0 hand axe (9)]
 10609 | D:8      | Reached skill level 14 in Bows
 10953 | D:8      | Killed from afar by an orc warrior

Levels and vault maps discovered:
D:1:      dpeg_arrival_lava_temple_mockup, layout_rooms, minmay_ruptured
D:2:      layout_loops_cross, first_ration, uniq_terence
D:3:      minmay_goblin_kobold_castle, layout_rooms, uniq_sigmund
D:4:      layout_rooms, uniq_robin, uniq_edmund
D:5:      layout_layer_cave, minmay_temple_entry_tees
D:6:      layout_basic, minmay_fractal_squares_5
D:7:      layout_layer_cave, uniq_pikel
D:8:      lemuel_castle_with_subvaults [lemuel_castle_interior_carwin_3],
          layout_loops_ring, grunt_temple_overflow_open, uniq_prince_ribbit1
Temple:   nicolae_temple_x_marks_the_god

Skill      XL: |  1  2  3  4  5  6  7  8  9 10 |
---------------+-------------------------------+-----
Bows           | 6 7 8 9 10 12 14 | 14.0
Fighting       | 3 4 5 6 7 |  7.5
Armour         | 1 2 3 4 |  4.0
Short Blades   | 1 3 |  3.3
Maces & Flails | 3 4 |  4.8
Dodging        | 2 |  2.3
Invocations    | 1 3 4 |  4.0
Stealth        | |  0.6
Evocations     | |  0.5

Action                   |  1- 3 |  4- 6 |  7- 9 | 10-12 || total
-------------------------+-------+-------+-------+-------++-------
Melee: Short sword       |     9 |   175 |   122 |       ||   306
       Kick              |     3 |    30 |    74 |     4 ||   111
       Flail             |       |       |   176 |    21 ||   197
       Punch             |       |       |     2 |       ||     2
 Fire: Shortbow          |   136 |    99 |   253 |   235 ||   723
Invok: Heroism           |       |       |     4 |     8 ||    12
 Abil: Evoke Berserk Rag |       |     2 |       |       ||     2
Evoke: Wand              |       |       |     1 |     2 ||     3
  Use: Scroll            |       |     7 |     3 |     3 ||    13
       Potion            |       |     1 |     2 |     7 ||    10
  Eat: Chunk             |       |     3 |    13 |     5 ||    21
       Ration            |       |     1 |     1 |       ||     2
Armor: Leather armour    |     1 |       |       |       ||     1
       Scale mail        |    42 |    64 |   140 |    24 ||   270
       Chain mail        |       |    95 |   130 |       ||   225
       Skin              |       |       |       |     2 ||     2
Dodge: Dodged            |    26 |    78 |   163 |    27 ||   294

Table legend:
 A = Non-vault XP
 B = Vault XP
 C = Vault XP percentage of total XP
 D = Non-vault monster count
 E = Vault monster count
 F = Vault count percentage of total count
                 A         B        C        D         E       F
            +---------+---------+-------+---------+---------+-------
      Total |    3978 |    5014 |  55.8 |     156 |     107 |  40.7
            +---------+---------+-------+---------+---------+-------
        D:1 |      28 |       6 |  17.6 |      18 |       5 |  21.7
        D:2 |      75 |     153 |  67.1 |      21 |       4 |  16.0
        D:3 |     128 |     818 |  86.5 |      25 |      61 |  70.9
        D:4 |     440 |       0 |   0.0 |      17 |       0 |   0.0
        D:5 |     612 |       0 |   0.0 |      19 |       0 |   0.0
        D:6 |    1190 |     221 |  15.7 |      21 |       4 |  16.0
        D:7 |     628 |     663 |  51.4 |      14 |       1 |   6.7
        D:8 |     877 |    3153 |  78.2 |      21 |      32 |  60.4
            +---------+---------+-------+---------+---------+-------
